TOP OF THE 1ST |
Galesburg Guzzlers batting - Pitching for Louisiana Dragoons : RHP António Andrade
|
Pitching: RHP António Andrade
|
|
Batting: RHB Eun-bum Kim
|
0-0: Called Strike 0-1: Ball 1-1: Swinging Strike 1-2: Ball 2-2: Ball 3-2: Strikes out swinging
|
Batting: RHB Sébastien Bernard
|
0-0: Ball 1-0: Foul Ball, location: 2F 1-1: Ball 2-1: Ball 3-1: Foul Ball, location: 2F 3-2: Strikes out looking
|
Batting: RHB Fletcher Megarity
|
0-0: Called Strike 0-1: Ball 1-1: Ball 2-1: Called Strike 2-2: Ball 3-2: Strikes out swinging
|
Top of the 1st over - 0 run(s), 0 hit(s), 0 error(s), 0 left on base; Galesburg 0 - Louisiana 0 |
BOTTOM OF THE 1ST |
Louisiana Dragoons batting - Pitching for Galesburg Guzzlers : RHP Nassim El-Badwi
|
Pitching: RHP Nassim El-Badwi
|
|
Batting: SHB Ángel Costa
|
0-0: Ball 1-0: Ball 2-0: SINGLE (Groundball, 4MD)
|
Batting: RHB José Luque
|
0-0: Ball 1-0: Ball 2-0: Foul Ball, location: 2F 2-1: Fly out, F3 (Popup, 3S)
|
Batting: RHB Holden Markoff
|
0-0: Ball 1-0: Swinging Strike 1-1: Called Strike 1-2: Ball 2-2: Ball 3-2: Fly out, F8 (Flyball, 8RM)
|
Batting: RHB Giuseppe Provolone
|
0-0: Called Strike Ángel Costa steals 2nd base 0-1: Swinging Strike 0-2: Ball 1-2: Strikes out swinging
|
Bottom of the 1st over - 0 run(s), 1 hit(s), 0 error(s), 1 left on base; Galesburg 0 - Louisiana 0 |
TOP OF THE 2ND |
Galesburg Guzzlers batting - Pitching for Louisiana Dragoons : RHP António Andrade
|
Batting: RHB Toussiant L'Ouverture
|
0-0: Called Strike 0-1: Ball 1-1: Swinging Strike 1-2: Strikes out swinging
|
Batting: RHB Mike Mays
|
0-0: Ball 1-0: Ball 2-0: Ball 3-0: Called Strike 3-1: Base on Balls
|
Batting: RHB Jack Cantrell
|
0-0: Ball 1-0: Ball 2-0: Called Strike 2-1: Called Strike 2-2: Foul Ball, location: 2F 2-2: Strikes out looking
|
Batting: RHB José Alfaro
|
0-0: Ball 1-0: SINGLE (Line Drive, 89S) Mike Mays to second Runner from 2nd tries for 3rd, SAFE, throw made to third
|
Batting: RHB Jorge Velázquez
|
0-0: Called Strike 0-1: Ball 1-1: Ball 2-1: Ball 3-1: Fly out, F7 (Flyball, 78M)
|
Top of the 2nd over - 0 run(s), 1 hit(s), 0 error(s), 2 left on base; Galesburg 0 - Louisiana 0 |
BOTTOM OF THE 2ND |
Louisiana Dragoons batting - Pitching for Galesburg Guzzlers : RHP Nassim El-Badwi
|
Batting: SHB Ed Blackett
|
0-0: Foul Ball, location: 2F 0-1: Foul Ball, location: 2F 0-2: Ball 1-2: Ball 2-2: Foul Ball, location: 2F 2-2: Strikes out swinging
|
Batting: RHB Felipe Palazzola
|
0-0: Foul Ball, location: 2F 0-1: Ball 1-1: Bunted foul 1-2: Ball 2-2: Foul Ball, location: 2F 2-2: Foul Ball, location: 2F 2-2: Strikes out looking
|
Batting: RHB Nelson Muntz
|
0-0: SINGLE (Groundball, 6D)
|
Batting: RHB Carlos Ceslero
|
0-0: DOUBLE (Line Drive, 9) Nelson Muntz to third Runner from 3rd tries for Home, SAFE, no throw
|
Batting: RHB Jade Helm
|
0-0: Foul Ball, location: 2F 0-1: Fly out, F9 (Flyball, 9S)
|
Bottom of the 2nd over - 1 run(s), 2 hit(s), 0 error(s), 1 left on base; Galesburg 0 - Louisiana 1 |
TOP OF THE 3RD |
Galesburg Guzzlers batting - Pitching for Louisiana Dragoons : RHP António Andrade
|
Batting: LHB Marshall Willis
|
0-0: Ball 1-0: Ball 2-0: Ball 3-0: Base on Balls
|
Batting: RHB Eun-bum Kim
|
0-0: Ball 1-0: SINGLE (Groundball, 6MS) (infield hit) Marshall Willis to second
|
Batting: RHB Sébastien Bernard
|
0-0: SINGLE (Groundball, 56D) Marshall Willis to third Eun-bum Kim to second Runner from 3rd tries for Home, SAFE, throw made home Eun-bum Kim to third Sébastien Bernard to second
|
Batting: RHB Fletcher Megarity
|
0-0: Ball 1-0: Swinging Strike 1-1: Swinging Strike 1-2: Ground out 5-3 (Groundball, 56) Eun-bum Kim scores
|
Batting: RHB Toussiant L'Ouverture
|
0-0: DOUBLE (Line Drive, 78S) Sébastien Bernard scores
|
Batting: RHB Mike Mays
|
0-0: Called Strike 0-1: Swinging Strike 0-2: Ball 1-2: Foul Ball, location: 2F 1-2: Strikes out swinging
|
Batting: RHB Jack Cantrell
|
0-0: Called Strike 0-1: Ball 1-1: Called Strike 1-2: Ball 2-2: Ball 3-2: Strikes out looking
|
Top of the 3rd over - 3 run(s), 3 hit(s), 0 error(s), 1 left on base; Galesburg 3 - Louisiana 1 |
BOTTOM OF THE 3RD |
Louisiana Dragoons batting - Pitching for Galesburg Guzzlers : RHP Nassim El-Badwi
|
Batting: SHB Ángel Costa
|
0-0: Fly out, F8 (Flyball, 8RM)
|
Batting: RHB José Luque
|
0-0: Called Strike 0-1: Ball 1-1: Ground out 5-3 (Groundball, 5S)
|
Batting: RHB Holden Markoff
|
0-0: Ball 1-0: Ball 2-0: Foul Ball, location: 2F 2-1: Foul Ball, location: 2F 2-2: Foul Ball, location: 2F 2-2: Foul Ball, location: 2F 2-2: Foul Ball, location: 2F 2-2: Fly out, F9 (Flyball, 9D)
|
Bottom of the 3rd over - 0 run(s), 0 hit(s), 0 error(s), 0 left on base; Galesburg 3 - Louisiana 1 |
TOP OF THE 4TH |
Galesburg Guzzlers batting - Pitching for Louisiana Dragoons : RHP António Andrade
|
Batting: RHB José Alfaro
|
0-0: Ball 1-0: Foul Ball, location: 2F 1-1: Fly out, F7 (Flyball, 78S)
|
Batting: RHB Jorge Velázquez
|
0-0: Called Strike 0-1: Swinging Strike 0-2: Strikes out swinging
|
Batting: LHB Marshall Willis
|
0-0: Ball 1-0: Swinging Strike 1-1: Ball 2-1: Fly out, F8 (Line Drive, 8LM)
|
Top of the 4th over - 0 run(s), 0 hit(s), 0 error(s), 0 left on base; Galesburg 3 - Louisiana 1 |
BOTTOM OF THE 4TH |
Louisiana Dragoons batting - Pitching for Galesburg Guzzlers : RHP Nassim El-Badwi
|
Batting: RHB Giuseppe Provolone
|
0-0: Ball 1-0: Ball 2-0: Foul Ball, location: 2F 2-1: Ground out 6-3 (Groundball, 6)
|
Batting: SHB Ed Blackett
|
0-0: Ball 1-0: Ball 2-0: Ball 3-0: Base on Balls
|
Batting: RHB Felipe Palazzola
|
0-0: Ball 1-0: Grounds into double play, 5-4-3 (Groundball, 5)
|
Bottom of the 4th over - 0 run(s), 0 hit(s), 0 error(s), 0 left on base; Galesburg 3 - Louisiana 1 |
TOP OF THE 5TH |
Galesburg Guzzlers batting - Pitching for Louisiana Dragoons : RHP António Andrade
|
Batting: RHB Eun-bum Kim
|
0-0: Ball 1-0: Called Strike 1-1: Foul Ball, location: 2F 1-2: Ball 2-2: Foul Ball, location: 2F 2-2: Strikes out swinging
|
Batting: RHB Sébastien Bernard
|
0-0: Ball 1-0: Swinging Strike 1-1: Called Strike 1-2: Ball 2-2: Strikes out looking
|
Batting: RHB Fletcher Megarity
|
0-0: Ball 1-0: Called Strike 1-1: Ball 2-1: Ball 3-1: Base on Balls
|
Batting: RHB Toussiant L'Ouverture
|
0-0: Ball 1-0: Ball 2-0: Called Strike 2-1: Ball 3-1: Called Strike 3-2: Strikes out looking
|
Top of the 5th over - 0 run(s), 0 hit(s), 0 error(s), 1 left on base; Galesburg 3 - Louisiana 1 |
BOTTOM OF THE 5TH |
Louisiana Dragoons batting - Pitching for Galesburg Guzzlers : RHP Nassim El-Badwi
|
Batting: RHB Nelson Muntz
|
0-0: Swinging Strike 0-1: Ball 1-1: SINGLE (Groundball, 6MD)
|
Batting: RHB Carlos Ceslero
|
0-0: Sac Bunt - play at first, batter OUT! 5-3 Nelson Muntz to second
|
Batting: RHB Jade Helm
|
0-0: Ball 1-0: Ground out 6-3 (Groundball, 6)
|
Batting: SHB Ángel Costa
|
0-0: Called Strike 0-1: SINGLE (Groundball, 34D) Nelson Muntz to third Runner from 3rd tries for Home, SAFE, no throw
|
Batting: RHB José Luque
|
0-0: Called Strike 0-1: Ball 1-1: Ball 2-1: Called Strike 2-2: Foul Ball, location: 2F 2-2: Foul Ball, location: 2F 2-2: SINGLE (Flyball, 7LS) Ángel Costa to second
|
Batting: RHB Holden Markoff
|
0-0: Ball 1-0: Foul Ball, location: 2F 1-1: SINGLE (Line Drive, 6MD) Ángel Costa to third José Luque to second Runner from 3rd tries for Home, SAFE, no throw
|
Batting: RHB Giuseppe Provolone
|
0-0: Ball 1-0: Called Strike 1-1: Ball 2-1: Called Strike 2-2: SINGLE (Groundball, 5D) José Luque to third Holden Markoff to second Runner from 3rd tries for Home, throw and OUT!
|
Bottom of the 5th over - 2 run(s), 5 hit(s), 0 error(s), 2 left on base; Galesburg 3 - Louisiana 3 |
TOP OF THE 6TH |
Galesburg Guzzlers batting - Pitching for Louisiana Dragoons : RHP António Andrade
|
Pitching: RHP Dave Hemphill
|
|
Batting: RHB Mike Mays
|
0-0: Called Strike 0-1: Ball 1-1: Fly out, F7 (Flyball, 78M)
|
Batting: RHB Jack Cantrell
|
0-0: Ball 1-0: Called Strike 1-1: Called Strike 1-2: Ball 2-2: Ball 3-2: Foul Ball, location: 2F 3-2: Fly out, F8 (Flyball, 8RM)
|
Batting: RHB José Alfaro
|
0-0: Called Strike 0-1: Swinging Strike 0-2: Strikes out looking
|
Top of the 6th over - 0 run(s), 0 hit(s), 0 error(s), 0 left on base; Galesburg 3 - Louisiana 3 |
BOTTOM OF THE 6TH |
Louisiana Dragoons batting - Pitching for Galesburg Guzzlers : RHP Nassim El-Badwi
|
Batting: SHB Ed Blackett
|
0-0: Ball 1-0: Called Strike 1-1: Foul Ball, location: 2F 1-2: Ground out 4-3 (Groundball, 4M)
|
Batting: RHB Felipe Palazzola
|
0-0: Fly out, F9 (Line Drive, 9LM)
|
Batting: RHB Nelson Muntz
|
0-0: Ball 1-0: Fly out, F7 (Flyball, 7LS)
|
Bottom of the 6th over - 0 run(s), 0 hit(s), 0 error(s), 0 left on base; Galesburg 3 - Louisiana 3 |
TOP OF THE 7TH |
Galesburg Guzzlers batting - Pitching for Louisiana Dragoons : RHP Dave Hemphill
|
Pinch Hitting: LHB Jim Unknown
|
0-0: Ball 1-0: Ball 2-0: Called Strike 2-1: Ball 3-1: Base on Balls
|
Pitching: LHP Bettino Banditelli
|
|
Batting: LHB Marshall Willis
|
0-0: Bunted foul 0-1: Bunted foul 0-2: Foul Ball, location: 2F 0-2: Strikes out swinging
|
Batting: RHB Eun-bum Kim
|
0-0: Ball 1-0: Fly out, F8 (Line Drive, 8RM)
|
Pinch Hitting: RHB José Díaz
|
0-0: Ball 1-0: Ball 2-0: Called Strike 2-1: Swinging Strike 2-2: Ball 3-2: Fly out, F8 (Flyball, 8RS)
|
Top of the 7th over - 0 run(s), 0 hit(s), 0 error(s), 1 left on base; Galesburg 3 - Louisiana 3 |
BOTTOM OF THE 7TH |
Louisiana Dragoons batting - Pitching for Galesburg Guzzlers : RHP Nassim El-Badwi
|
Now at 3B: Jim Unknown
|
|
Now in CF: José Díaz
|
|
Pinch Hitting: RHB Rodrigo Rodríguez
|
0-0: Called Strike 0-1: Called Strike 0-2: Ground out 5-3 (Groundball, 56S)
|
Pinch Hitting: RHB Walt Norrish
|
0-0: Foul Ball, location: 2F 0-1: Foul Ball, location: 2F 0-2: Ball 1-2: Foul Ball, location: 2F 1-2: Strikes out swinging
|
Batting: SHB Ángel Costa
|
0-0: Called Strike 0-1: Ground out 4-3 (Groundball, 4D)
|
Bottom of the 7th over - 0 run(s), 0 hit(s), 0 error(s), 0 left on base; Galesburg 3 - Louisiana 3 |
TOP OF THE 8TH |
Galesburg Guzzlers batting - Pitching for Louisiana Dragoons : LHP Bettino Banditelli
|
Now at 1B: Joel Parish
|
|
Now at 3B: Rodrigo Rodríguez
|
|
Batting: RHB Fletcher Megarity
|
0-0: Swinging Strike 0-1: Ground out 6-3 (Groundball, 6)
|
Batting: RHB Toussiant L'Ouverture
|
0-0: Ball 1-0: Ball 2-0: Called Strike 2-1: Swinging Strike 2-2: Strikes out swinging
|
Batting: RHB Mike Mays
|
0-0: Called Strike 0-1: Ball 1-1: Swinging Strike 1-2: SINGLE (Groundball, 56D)
|
Batting: RHB Jack Cantrell
|
0-0: Ball 1-0: Ball 2-0: Ball 3-0: Called Strike 3-1: Called Strike 3-2: Strikes out looking
|
Top of the 8th over - 0 run(s), 1 hit(s), 0 error(s), 1 left on base; Galesburg 3 - Louisiana 3 |
BOTTOM OF THE 8TH |
Louisiana Dragoons batting - Pitching for Galesburg Guzzlers : RHP Nassim El-Badwi
|
Pinch Hitting: RHB Jim Unknown
|
0-0: Called Strike 0-1: Ground out 6-3 (Groundball, 6)
|
Batting: RHB Holden Markoff
|
0-0: Ball 1-0: Ball 2-0: Called Strike 2-1: Ball 3-1: Called Strike 3-2: Fly out, F4 (Line Drive, 4M)
|
Pinch Hitting: RHB José Ortíz
|
0-0: Ball 1-0: Called Strike 1-1: Ball 2-1: Ball 3-1: Swinging Strike 3-2: Strikes out looking
|
Bottom of the 8th over - 0 run(s), 0 hit(s), 0 error(s), 0 left on base; Galesburg 3 - Louisiana 3 |
TOP OF THE 9TH |
Galesburg Guzzlers batting - Pitching for Louisiana Dragoons : LHP Bettino Banditelli
|
Pitching: RHP Brian Krick
|
|
Now at 2B: Jim Unknown
|
|
Now at SS: José Mendoza
|
|
Pinch Hitting: LHB Armando Rodríguez
|
0-0: Called Strike 0-1: Swinging Strike 0-2: Fly out, F7 (Flyball, 7LSF)
|
Batting: LHB Jim Unknown
|
0-0: Swinging Strike 0-1: Swinging Strike 0-2: Ball 1-2: Foul Ball, location: 2F 1-2: Strikes out swinging
|
Pinch Hitting: LHB Paolo van Ginderen
|
0-0: Called Strike 0-1: Called Strike 0-2: Ball 1-2: Ball 2-2: SINGLE (Line Drive, 8RS)
|
Batting: RHB Eun-bum Kim
|
0-0: Called Strike 0-1: Ball 1-1: Foul Ball, location: 2F 1-2: Foul Ball, location: 2F 1-2: Foul Ball, location: 2F 1-2: Strikes out swinging
|
Top of the 9th over - 0 run(s), 1 hit(s), 0 error(s), 1 left on base; Galesburg 3 - Louisiana 3 |
BOTTOM OF THE 9TH |
Louisiana Dragoons batting - Pitching for Galesburg Guzzlers : RHP Nassim El-Badwi
|
Now in LF: Armando Rodríguez
|
|
Now in RF: Robby Amesquita
|
|
Pinch Hitting: LHB Everett Wichmann
|
0-0: Ball 1-0: Ball 2-0: Foul Ball, location: 2F 2-1: Foul Ball, location: 2F 2-2: Ball 3-2: SINGLE (Groundball, 6MD)
|
Pitching: RHP Geoff Stackhouse
|
|
Batting: RHB Felipe Palazzola
|
0-0: Called Strike 0-1: Ball 1-1: Ball 2-1: Foul Ball, location: 2F 2-2: Strikes out swinging
|
Pinch Hitting: RHB Héctor Rúbio
|
0-0: Ball 1-0: Ball 2-0: Foul Ball, location: 2F 2-1: Ball 3-1: Foul Ball, location: 2F 3-2: Strikes out looking
|
Batting: RHB Rodrigo Rodríguez
|
0-0: Called Strike 0-1: Called Strike Throwing error on steal attempt, E2 Everett Wichmann to third 0-2: Ball 1-2: Ball 2-2: Foul Ball, location: 2F 2-2: Ball 3-2: Base on Balls
|
Batting: LHB Joel Parish
|
0-0: Called Strike 0-1: Ground out U3 (Groundball, 3L)
|
Bottom of the 9th over - 0 run(s), 1 hit(s), 1 error(s), 2 left on base; Galesburg 3 - Louisiana 3 |
TOP OF THE 10TH |
Galesburg Guzzlers batting - Pitching for Louisiana Dragoons : RHP Brian Krick
|
Now in CF: Reynaldo Padilla
|
|
Now in RF: Everett Wichmann
|
|
Batting: RHB José Díaz
|
0-0: Swinging Strike 0-1: Foul Ball, location: 2F 0-2: Strikes out looking
|
Pitching: RHP Cornelius Bigelow
|
|
Batting: RHB Fletcher Megarity
|
0-0: Called Strike 0-1: Ball 1-1: Swinging Strike 1-2: Ball 2-2: Fly out, F5 (Popup, 5L)
|
Batting: RHB Toussiant L'Ouverture
|
0-0: Called Strike 0-1: Ball 1-1: Ball 2-1: Foul Ball, location: 2F 2-2: Fly out, F8 (Line Drive, 8RS)
|
Top of the 10th over - 0 run(s), 0 hit(s), 0 error(s), 0 left on base; Galesburg 3 - Louisiana 3 |
BOTTOM OF THE 10TH |
Louisiana Dragoons batting - Pitching for Galesburg Guzzlers : RHP Geoff Stackhouse
|
Batting: SHB Ángel Costa
|
0-0: Fly out, F4 (Popup, 4MD)
|
Batting: RHB Jim Unknown
|
0-0: Ball 1-0: Ball 2-0: Fly out, F4 (Line Drive, 4)
|
Batting: RHB Holden Markoff
|
0-0: Called Strike 0-1: Swinging Strike 0-2: Foul Ball, location: 2F 0-2: Strikes out looking
|
Bottom of the 10th over - 0 run(s), 0 hit(s), 0 error(s), 0 left on base; Galesburg 3 - Louisiana 3 |
TOP OF THE 11TH |
Galesburg Guzzlers batting - Pitching for Louisiana Dragoons : RHP Cornelius Bigelow
|
Batting: RHB Mike Mays
|
0-0: Ball 1-0: Ground out 6-3 (Groundball, 6M)
|
Batting: RHB Jack Cantrell
|
0-0: Swinging Strike 0-1: Called Strike 0-2: Strikes out swinging
|
Batting: LHB Armando Rodríguez
|
0-0: Called Strike 0-1: Called Strike 0-2: Strikes out swinging
|
Top of the 11th over - 0 run(s), 0 hit(s), 0 error(s), 0 left on base; Galesburg 3 - Louisiana 3 |
BOTTOM OF THE 11TH |
Louisiana Dragoons batting - Pitching for Galesburg Guzzlers : RHP Geoff Stackhouse
|
Batting: RHB José Mendoza
|
0-0: Ground out 5-3 (Groundball, 56)
|
Batting: LHB Everett Wichmann
|
0-0: Foul Ball, location: 2F 0-1: Fly out, F8 (Flyball, 8RS)
|
Batting: RHB Felipe Palazzola
|
0-0: Ball 1-0: Called Strike 1-1: Foul Ball, location: 2F 1-2: Strikes out swinging
|
Bottom of the 11th over - 0 run(s), 0 hit(s), 0 error(s), 0 left on base; Galesburg 3 - Louisiana 3 |
TOP OF THE 12TH |
Galesburg Guzzlers batting - Pitching for Louisiana Dragoons : RHP Cornelius Bigelow
|
Batting: LHB Jim Unknown
|
0-0: Ball 1-0: Called Strike 1-1: Foul Ball, location: 2F 1-2: Strikes out swinging
|
Pinch Hitting: RHB Jaime Robles
|
0-0: Ball 1-0: Ball 2-0: DOUBLE (Line Drive, 8LM)
|
Batting: RHB Eun-bum Kim
|
0-0: Called Strike 0-1: Swinging Strike 0-2: Strikes out swinging
|
Batting: RHB José Díaz
|
0-0: Ball 1-0: Fly out, F5 (Popup, 56)
|
Top of the 12th over - 0 run(s), 1 hit(s), 0 error(s), 1 left on base; Galesburg 3 - Louisiana 3 |
BOTTOM OF THE 12TH |
Louisiana Dragoons batting - Pitching for Galesburg Guzzlers : RHP Geoff Stackhouse
|
Now in RF: Jim Unknown
|
|
Batting: RHB Reynaldo Padilla
|
0-0: Foul Ball, location: 2F 0-1: Ball 1-1: Ball 2-1: Swinging Strike 2-2: Strikes out swinging
|
Batting: RHB Rodrigo Rodríguez
|
0-0: Fly out, F7 (Flyball, 7LM)
|
Batting: LHB Joel Parish
|
0-0: Ball 1-0: Called Strike 1-1: Ball 2-1: Ball 3-1: Base on Balls
|
Batting: SHB Ángel Costa
|
0-0: Swinging Strike 0-1: Fielders Choice at 2nd, 4-6 (Groundball, 34)
|
Bottom of the 12th over - 0 run(s), 0 hit(s), 0 error(s), 0 left on base; Galesburg 3 - Louisiana 3 |
TOP OF THE 13TH |
Galesburg Guzzlers batting - Pitching for Louisiana Dragoons : RHP Cornelius Bigelow
|
Pitching: RHP Alfredo Velásquez
|
|
Batting: RHB Fletcher Megarity
|
0-0: Called Strike 0-1: Ball 1-1: Ball 2-1: Ball 3-1: Hit by Pitch
|
Batting: RHB Toussiant L'Ouverture
|
0-0: Foul Ball, location: 2F 0-1: Foul Ball, location: 2F 0-2: Strikes out swinging
|
Batting: RHB Mike Mays
|
0-0: Called Strike 0-1: Ball 1-1: Called Strike 1-2: Strikes out swinging
|
Batting: RHB Jack Cantrell
|
0-0: Swinging Strike 0-1: Swinging Strike 0-2: Strikes out looking
|
Top of the 13th over - 0 run(s), 0 hit(s), 0 error(s), 1 left on base; Galesburg 3 - Louisiana 3 |
BOTTOM OF THE 13TH |
Louisiana Dragoons batting - Pitching for Galesburg Guzzlers : RHP Geoff Stackhouse
|
Batting: RHB Jim Unknown
|
0-0: Swinging Strike 0-1: Foul Ball, location: 2F 0-2: Ball 1-2: SINGLE (Groundball, 56D)
|
Pitching: RHP Ieyoshi Asai
|
|
Batting: RHB Holden Markoff
|
0-0: Ball 1-0: Swinging Strike 1-1: Foul Ball, location: 2F 1-2: Ball 2-2: Ball 3-2: Strikes out swinging Jim Unknown is caught stealing 2nd base Batter strikes out.
|
Batting: RHB José Mendoza
|
0-0: Called Strike 0-1: Ball 1-1: Ground out 5-3 (Groundball, 5)
|
Bottom of the 13th over - 0 run(s), 1 hit(s), 0 error(s), 0 left on base; Galesburg 3 - Louisiana 3 |
TOP OF THE 14TH |
Galesburg Guzzlers batting - Pitching for Louisiana Dragoons : RHP Alfredo Velásquez
|
Batting: LHB Armando Rodríguez
|
0-0: Ball 1-0: Called Strike 1-1: Ground out 4-3 (Groundball, 4)
|
Batting: LHB Jim Unknown
|
0-0: Called Strike 0-1: Foul Ball, location: 2F 0-2: Fly out, F7 (Flyball, 78S)
|
Batting: LHB Jim Unknown
|
0-0: Foul Ball, location: 2F 0-1: Ball 1-1: Swinging Strike 1-2: Foul Ball, location: 2F 1-2: Strikes out looking
|
Top of the 14th over - 0 run(s), 0 hit(s), 0 error(s), 0 left on base; Galesburg 3 - Louisiana 3 |
BOTTOM OF THE 14TH |
Louisiana Dragoons batting - Pitching for Galesburg Guzzlers : RHP Ieyoshi Asai
|
Batting: LHB Everett Wichmann
|
0-0: Ball 1-0: Ball 2-0: Ball 3-0: Base on Balls
|
Batting: RHB Felipe Palazzola
|
0-0: Ball 1-0: Ball 2-0: Fielders Choice at 2nd, 1-4 (Groundball, 15S)
|
Batting: RHB Reynaldo Padilla
|
0-0: Ball Felipe Palazzola is caught stealing 2nd base 1-0: Swinging Strike 1-1: Foul Ball, location: 2F 1-2: Strikes out swinging
|
Bottom of the 14th over - 0 run(s), 0 hit(s), 0 error(s), 0 left on base; Galesburg 3 - Louisiana 3 |
TOP OF THE 15TH |
Galesburg Guzzlers batting - Pitching for Louisiana Dragoons : RHP Alfredo Velásquez
|
Pitching: RHP Lou Erwin
|
|
Batting: RHB Eun-bum Kim
|
0-0: Ball 1-0: Fly out, F9 (Flyball, 9LMF)
|
Batting: RHB José Díaz
|
0-0: Ball 1-0: Ball 2-0: Reached on error, E1 (Groundball, 15)
|
Batting: RHB Fletcher Megarity
|
0-0: Swinging Strike 0-1: Swinging Strike 0-2: Fly out, F4 (Flyball, 34D)
|
Batting: RHB Toussiant L'Ouverture
|
0-0: Intentional Walk
|
Batting: RHB Mike Mays
|
0-0: SINGLE (Groundball, 6MD) José Díaz to third Toussiant L'Ouverture to second Runner from 3rd tries for Home, SAFE, no throw
|
Batting: RHB Jack Cantrell
|
0-0: Called Strike 0-1: Ball 1-1: Foul Ball, location: 2F 1-2: Foul Ball, location: 2F 1-2: Fly out, F7 (Flyball, 7LMF)
|
Top of the 15th over - 1 run(s), 1 hit(s), 1 error(s), 2 left on base; Galesburg 4 - Louisiana 3 |
BOTTOM OF THE 15TH |
Louisiana Dragoons batting - Pitching for Galesburg Guzzlers : RHP Ieyoshi Asai
|
Pitching: RHP Vicente Escamilla
|
|
Now at C: José Vargas
|
|
Batting: RHB Rodrigo Rodríguez
|
0-0: Ball 1-0: Swinging Strike 1-1: Ball 2-1: Fly out, F7 (Flyball, 7)
|
Batting: LHB Joel Parish
|
0-0: Ball 1-0: Ball 2-0: Reached on error, E6 (Groundball, 6)
|
Batting: SHB Ángel Costa
|
0-0: Foul Ball, location: 2F 0-1: Foul Ball, location: 2F 0-2: Strikes out swinging
|
Batting: RHB Jim Unknown
|
0-0: Called Strike 0-1: Foul Ball, location: 2F 0-2: Ball 1-2: Ball Wild Pitch! Joel Parish to second 2-2: Ground out 6-3 (Groundball, 56D)
|
Bottom of the 15th over - 0 run(s), 0 hit(s), 1 error(s), 1 left on base; Galesburg 4 - Louisiana 3 |
|